 Dungeon Crawl Stone Soup version 0.17-a0-2205-g03dd7ef (webtiles) character file.

408 Minkie the Cutter (level 7, -7/44 HPs)
             Began as a Kobold Berserker on Oct 26, 2015.
             Was a Believer of Trog.
             Killed from afar by Dowan (20 damage)
             ... with a stone arrow
             ... on level 4 of the Dungeon.
             The game lasted 00:10:33 (2931 turns).

Minkie the Cutter (Kobold Berserker)                Turns: 2931, Time: 00:10:33

Health: -7/44      AC:  4    Str: 16    XL:     7   Next: 13%
Magic:  7/7        EV: 17    Int:  5    God:    Trog [**....]
Gold:   177        SH:  0    Dex: 17    Spells: 0 memorised, 6 levels left

rFire  . . .     SeeInvis .     a - +0 short sword
rCold  + . .     Clarity  +     l - +0 leather armour {rC+}
rNeg   . . .     SustAt   .     (shield restricted)
rPois  .         Gourm    .     (no helmet)
rElec  .         Spirit   .     (no cloak)
rCorr  .         Warding  .     i - +0 pair of gloves
rMut   .         Stasis   .     (no boots)
MR     ++...                    o - amulet of clarity
Stlth  +.........               (no ring)
                                (no ring)

@: exhausted, regenerating, slowed, very slow, very resistant to hostile
enchantments, very unstealthy
A: carnivore 3
a: Berserk, Trog's Hand, Burn Spellbooks, Renounce Religion


You were on level 4 of the Dungeon.
You worshipped Trog.
Trog was pleased with you.
You were very full.

You visited 1 branch of the dungeon, and saw 4 of its levels.

You collected 177 gold pieces.

Inventory:

Hand Weapons
 a - a +0 short sword (weapon)
 x - a +1 short sword of protection
Missiles
 v - 12 poisoned needles
Armour
 i - a +0 pair of gloves (worn)
 l - a +0 leather armour of cold resistance (worn)
Jewellery
 o - an amulet of clarity (around neck)
Wands
 n - a wand of slowing (24)
Scrolls
 b - a scroll of amnesia {unknown}
 e - 2 scrolls of teleportation {unknown}
 f - 2 scrolls of enchant armour {unknown}
 g - 2 scrolls of noise {unknown}
 p - a scroll of identify {unknown}
 r - a scroll of recharging {unknown}
 t - a scroll of remove curse {unknown}
 u - a scroll of blinking {unknown}
Potions
 h - a potion of haste {unknown}
 k - 3 potions of curing {unknown}
 m - a potion of might {unknown}
 q - a potion of invisibility {unknown}
 s - a potion of resistance {unknown}
Comestibles
 c - 4 meat rations
 d - a royal jelly
 j - a beef jerky
 w - 8 chunks of flesh


   Skills:
 - Level 5.0 Fighting
 * Level 7.4 Short Blades
 - Level 1.5 Armour
 + Level 4.7 Dodging


You had 6 spell levels left.
You didn't know any spells.

Dungeon Overview and Level Annotations

Branches:
Dungeon (4/15)
 Temple: D:4-7

Altars:

Annotations:
D:4 Dowan


Innate Abilities, Weirdness & Mutations

You are small and have problems with some larger weapons.
You are carnivorous and can eat meat at any time.


Message History

Your skin crawls.
You feel resistant to hostile enchantments.
You feel slightly less full.
Things that are here:
a short sword of protection; a chain mail; the elf corpse of Duvessa
x - a short sword of protection You closely miss Dowan.
Dowan is lightly wounded.
Dowan barely misses you.
You miss Dowan.
Dowan is lightly wounded.
Dowan gestures at you while chanting. The shard of ice hits you!
You partially resist.
* * * LOW HITPOINT WARNING * * *
Dowan barely misses you.
You hit Dowan.
Dowan is lightly wounded.
Dowan casts a spell at you. The stone arrow hits you!
You die...

#..).)........
##...#########
#..)..#########
#......^.......
####....########## +
#.......# #.......
#. #.#....##
#....... #..
#.#....# #.......
..#...##@#.#†##
#.......
.......e.#.#.#
#.......
##########.#.#
#.....#+
......#.#####.....#.
##............#.
+............#.
###............#.
.........##.....#.
######...##...###.


You could see Dowan.

Vanquished Creatures
  Duvessa (D:4)
  2 ogres
  An orc wizard (D:4)
  An iguana (D:4)
  2 adders (D:3)
  2 worms (D:2)
  5 giant geckos
  3 orcs
  3 bats
  A giant cockroach (D:1)
  14 goblins
  10 hobgoblins
  7 kobolds
  2 giant newts (D:1)
  7 jackals
  6 rats
67 creatures vanquished.

Notes
Turn   | Place    | Note
--------------------------------------------------------------
     0 | D:1      | Minkie the Kobold Berserker began the quest for the Orb.
     0 | D:1      | Reached XP level 1. HP: 14/14 MP: 1/1
    43 | D:1      | Reached XP level 2. HP: 9/19 MP: 2/2
   676 | D:1      | Reached XP level 3. HP: 22/24 MP: 3/3
  1021 | D:1      | Reached ** piety under Trog
  1365 | D:2      | Reached skill level 5 in Short Blades
  1421 | D:2      | Reached XP level 4. HP: 21/29 MP: 4/4
  2518 | D:3      | Noticed an ogre
  2527 | D:3      | Killed an ogre
  2527 | D:3      | Reached skill level 6 in Short Blades
  2527 | D:3      | Reached XP level 5. HP: 34/34 MP: 5/5
  2626 | D:4      | Reached XP level 6. HP: 38/39 MP: 6/6
  2765 | D:4      | Reached *** piety under Trog
  2838 | D:4      | Reached skill level 7 in Short Blades
  2893 | D:4      | Noticed Dowan
  2894 | D:4      | Noticed Duvessa
  2921 | D:4      | Killed Duvessa
  2921 | D:4      | Reached skill level 5 in Fighting
  2921 | D:4      | Reached XP level 7. HP: 29/44 MP: 7/7
  2931 | D:4      | Killed from afar by Dowan

Vault maps used:
D:1:      minmay_arrival_stone_box, hangedman_decor_growths
D:2:      first_bread
D:4:      uniq_duvessa

Action                   |  1- 3 |  4- 6 |  7- 9 || total
-------------------------+-------+-------+-------++-------
Melee: Short sword       |   144 |   122 |     5 ||   271
Invok: Berserk           |     3 |     7 |       ||    10
       Trog's Hand       |       |       |     1 ||     1
  Use: Scroll            |       |     1 |       ||     1
 Stab: Sleeping          |     1 |     1 |       ||     2
       Distracted        |       |     1 |       ||     1
  Eat: Chunk             |    13 |    11 |       ||    24
